 Dungeon Crawl Stone Soup version 0.30-a0-377-g5cb311bc9f (webtiles) character file.

Game seed: 15858153886946293747

1875 kae the Changer (level 8, -12/70 HPs)
             Began as a Red Draconian Transmuter on Nov 28, 2022.
             Was an Initiate of Ru.
             Mangled by Menkaure (17 damage)
             ... on level 7 of the Dungeon.
             The game lasted 00:05:59 (6916 turns).

kae the Changer (Red Draconian Transmuter)          Turns: 6916, Time: 00:06:00

Health: -12/70     AC:  8    Str: 14    XL:     8   Next: 91%
Magic:  8/15       EV: 10    Int: 21    God:    Ru [......]
Gold:   428        SH:  0    Dex: 11    Spells: 6/16 levels left

rFire   x . .      SeeInvis .      - Unarmed
rCold   + + +      Faith    .    (shield currently unavailable)
rNeg    . . .      Spirit   .    (body armour unavailable)
rPois   +          Reflect  .    (helmet currently unavailable)
rElec   .          Harm     .    (cloak currently unavailable)
rCorr   .          Rampage  .    (gloves currently unavailable)
Will    .....                    (boots currently unavailable)
Stlth   +.........               (no amulet)
HPRegen 0.31/turn                I - +6 ring of intelligence
MPRegen 0.14/turn                (no ring)

@: ice-form, wereblooded
A: freezing attack, amphibious, boosted hp, (breathe fire), AC +6, large,
unfitting armour, (fire resistance 1), (cold-blooded)
a: End Transformation, Renounce Religion, Sacrifice Drink, Sacrifice Essence,
Sacrifice a Hand, Reject Sacrifices


You were on level 7 of the Dungeon.
You worshipped Ru.
Ru was noncommittal.
You were a creature of crystalline ice.
You visited 1 branch of the dungeon, and saw 7 of its levels.

You collected 428 gold pieces.


Innate Abilities, Weirdness & Mutations

You are a creature of crystalline ice.
You have a powerful freezing melee attack.
You are amphibious.
Your maximum health is increased.
Your armour is entirely melded.
You are incapable of wielding weapons or throwing items.
((You can breathe blasts of fire.))
((Your fiery red scales are hard. (AC +6)))
You cannot fit into any form of body armour.
((Your flesh is heat resistant. (rF+)))
((You are cold-blooded and may be slowed by cold attacks.))


   Skills:
 - Level 1.1 Fighting
 - Level 1.7 Dodging
 + Level 5.7 Unarmed Combat
 + Level 4.8 Spellcasting
 * Level 7.2 Transmutations
 * Level 4.8 Ice Magic


You had 6 spell levels left.
You knew the following spells:

 Your Spells              Type           Power      Damage    Failure   Level
a - Beastly Appendage     Tmut           70%        N/A       1%          1
b - Wereblood             Tmut           35%        N/A       1%          2
c - Spider Form           Tmut/Pois      20%        N/A       8%          3
d - Ice Form              Ice/Tmut       30%        N/A       9%          4

Your spell library contained the following spells:

 Spells                   Type           Power      Damage    Failure   Level
 Call Canine Familiar     Summ           5%         N/A       32%         3
 Gell's Gravitas          Tloc           5%         N/A       32%         3
 Lesser Beckoning         Tloc           10%        N/A       32%         3
 Portal Projectile        Hex/Tloc       10%        N/A       32%         3
 Teleport Other           Tloc           5%         N/A       32%         3
 Leda's Liquefaction      Hex/Erth       2%         N/A       73%         4

Inventory:

Missiles
 c - 65 stones
 h - 3 atropa-tipped darts
 n - 15 poisoned darts
 q - 7 boomerangs
Magical Staves
 r - a staff of cold {!a}
   (You found it on level 5 of the Dungeon)
 s - a staff of death {!a}
   (You found it on level 7 of the Dungeon)
Jewellery
 F - a ring of fire
   (You found it on level 4 of the Dungeon)
 I - a +6 ring of intelligence (left front paw)
   (You found it on level 2 of the Dungeon)
Wands
 p - a wand of light (19)
   (You found it on level 3 of the Dungeon)
 t - a wand of roots (7)
   (You found it on level 7 of the Dungeon)
Scrolls
 b - 2 scrolls of torment {!r}
 d - a scroll of silence {!r}
 e - a scroll of enchant weapon
 f - a scroll of summoning {unknown}
 k - a scroll of teleportation {@r4}
Potions
 a - a potion of lignification {!q}
 g - a potion of degeneration {unknown}
 i - a potion of flight
 j - a potion of curing {@q1}
 l - a potion of cancellation
 m - a potion of magic
 o - a potion of invisibility

Dungeon Overview and Level Annotations

Branches:
Dungeon (7/15) Zot: 26348  Temple (0/1) D:7

Altars:
Dithmenos
Elyvilon
Makhleb
Ru
Uskayaw
Wu Jian
Yredelemnul
Zin

Shops:
D:2 [

Annotations:
D:3 2 transporters
D:7 Menkaure

... ...# ...####### .
.........# .#
....####.### ...
..#........#####.. ....
#.#.....##.#.)...# .⌠...
#.#.....##...#####......
........+.......YM....>.
##......##.##...##......
##......##.##....# .⌠...
##......##.##...........
##......##.##....#......
##.#######.##....##.# .#
... ..##..........+ .#
... .. #..........##.#
... #..........+..##.


You could see Menkaure (fast).


Message History

You take 17 damage, and now have 20/70 hp.
MASSIVE DAMAGE!! (PAUSE)
You closely miss the killer bee.
You feel sick.
The killer bee stings you but does no damage.
The killer bee stings you.
* * * LOW HITPOINT WARNING * * *
😨 HP[-1]
You take 1 damage, and now have 19/70 hp.
You hit the killer bee. You freeze the killer bee.
You feel sick.
The killer bee closely misses you. x2 😨 HP[-1]
You take 1 damage, and now have 18/70 hp.
You punch the killer bee! You freeze the killer bee.
You feel a bit better.
You kill the killer bee!
You howl as the wereblood boils in your veins!
You feel sick.
You are no longer poisoned.
Menkaure calls on the powers of darkness!
The killer bee convulses!
The bullfrog convulses!
The killer bee convulses! x2
Your body is wracked with pain!
* * * LOW HITPOINT WARNING * * *
The killer bee convulses!
The killer bee stings you but does no damage. 😱 HP[-8]
You take 8 damage, and now have 10/70 hp.
You hit the killer bee. You freeze the killer bee.
The killer bee stings you but does no damage.
Menkaure gestures wildly while chanting.
Menkaure seems to speed up.
The killer bee stings you but does no damage.
You hit the killer bee but do no damage.
The killer bee stings you but does no damage.
Menkaure hums in an indecipherable tongue. 😱 HP[+1]
You closely miss the killer bee.
You howl as the wereblood boils in your veins!
The killer bee closely misses you. The killer bee misses you.
You closely miss the killer bee. The killer bee stings you.
* * * LOW HITPOINT WARNING * * *
The killer bee stings you but does no damage. 😱 HP[-5] MP[+1]
You take 5 damage, and now have 6/70 hp.
You feel better.
The killer bee stings you but does no damage.
The killer bee stings you.
* * * LOW HITPOINT WARNING * * *
Your magical contamination has completely faded away. 😱 HP[+5]
You regained 5 hp, and now have 11/70 hp.
You punch the killer bee! You freeze the killer bee.
You feel a bit better.
You kill the killer bee!
The killer bee stings you but does no damage. 😱 HP[+3]
You regained 3 hp, and now have 14/70 hp.
You punch the killer bee! You freeze the killer bee.
You feel a bit better.
You kill the killer bee!
The killer bee barely misses you. 😱 HP[+3]
You regained 3 hp, and now have 17/70 hp.
Okay, then.
You barely miss the killer bee. The killer bee misses you.
You hit the killer bee. You freeze the killer bee. The killer bee stings you.
* * * LOW HITPOINT WARNING * * *
Menkaure calls on the powers of darkness!
The bullfrog convulses!
The killer bee convulses! x2
Your body is wracked with pain!
* * * LOW HITPOINT WARNING * * *
The killer bee stings you but does no damage. 😱 HP[-8]
You take 8 damage, and now have 9/70 hp.
You punch the killer bee! You freeze the killer bee.
You feel a bit better.
You kill the killer bee!
The killer bee stings you but does no damage. 😱 HP[+3]
You regained 3 hp, and now have 12/70 hp.
You hit the killer bee. You freeze the killer bee.
You feel a bit better.
You kill the killer bee!
The bullfrog barely misses you. 😱 HP[+3]
You regained 3 hp, and now have 15/70 hp.
You closely miss the bullfrog.
You howl as the wereblood boils in your veins!
Menkaure calls on the powers of darkness!
The bullfrog convulses!
Your body is wracked with pain!
* * * LOW HITPOINT WARNING * * *
The bullfrog hits you.
* * * LOW HITPOINT WARNING * * *
😱 HP[-11] MP[+1]
You take 11 damage, and now have 4/70 hp.
You completely miss the bullfrog. The bullfrog hits you.
* * * LOW HITPOINT WARNING * * *
😱 HP[-2]
You take 2 damage, and now have 2/70 hp.
You hit the bullfrog. You freeze the bullfrog.
You feel a bit better.
You kill the bullfrog! 😱 HP[+3]
You regained 3 hp, and now have 5/70 hp.
You punch Menkaure! You freeze Menkaure. Menkaure hits you!
You die...

Skill      XL: |  1  2  3  4  5  6  7  8 |
---------------+-------------------------+-----
Transmutations | 3 4 5 6 7 |  7.2
Spellcasting   | 3 4 |  4.8
Ice Magic      | 1 2 3 4 |  4.8
Unarmed Combat | 4 5 |  5.7
Fighting       | |  1.1
Dodging        | |  1.7

Action                   |  1- 3 |  4- 6 |  7- 9 || total
-------------------------+-------+-------+-------++-------
Melee: Unarmed           |   114 |   180 |   138 ||   432
       Kick              |    15 |    17 |     1 ||    33
       Tailslap          |     9 |    18 |       ||    27
       Headbutt          |     3 |     8 |       ||    11
       Punch             |       |     3 |     1 ||     4
 Cast: Beastly Appendage |    21 |    15 |     2 ||    38
       Spider Form       |       |     6 |     5 ||    11
       Wereblood         |       |     3 |     2 ||     5
       Ice Form          |       |       |    13 ||    13
 Abil: Breathe Fire      |       |       |     1 ||     1
  Use: Scroll            |     2 |    12 |     3 ||    17
       Potion            |       |     2 |     1 ||     3
Armor: Skin              |    47 |    46 |    48 ||   141
Dodge: Dodged            |    89 |   115 |    85 ||   289

Levels and vault maps discovered:
D:1:      lemuel_arrival_river_passageway, layout_basic
D:2:      layout_basic, serial_shops, shop_coins, basic_altar,
          minmay_pentomino_t2, uniq_robin, uniq_crazy_yiuf_cottage
D:3:      gammafunk_steamed_eel, layout_basic, lemuel_round_altar,
          serial_forest, infiniplex_forest_clump_curved,
          infiniplex_forest_lined_3, infiniplex_forest_straight_2,
          infiniplex_forest_straight_5, infiniplex_forest_straight_5
D:4:      layout_loops_cross, amethyst_overflow_temple_binary,
          mainiacjoe_overflow_small_starburst
D:5:      minmay_spotlight, layout_layer_cave, mainiacjoe_overflow_alcove_2
D:6:      layout_basic, yredelemnul_forgotten_temple_becter,
          grunt_dithmenos_shadows, uniq_prince_ribbit1, uniq_edmund,
          uniq_grinder
D:7:      layout_basic, old_standard_altar, minmay_temple_entry_large_hall,
          serial_park_tiny_pond, uniq_menkaure

Notes
Turn   | Place    | Note
-------+----------+-------------------------------------------
     0 | D:1      | kae the Draconian Transmuter began the quest for the Orb.
     0 | D:1      | Reached XP level 1. HP: 16/16 MP: 3/3
     0 | D:1      | magus.rc [v1.11.3]
   146 | D:1      | Reached XP level 2. HP: 23/23 MP: 3/5
   252 | D:1      | Learned a level 2 spell: Wereblood
   292 | D:1      | Reached XP level 3. HP: 28/28 MP: 4/6
   296 | D:1      | Learned a level 3 spell: Spider Form
   861 | D:2      | Reached skill level 3 in Transmutations
  1182 | D:2      | HP: 7/28 [poisoned by an adder]
  1185 | D:2      | HP: 3/28 [poisoned by an adder]
  1350 | D:2      | Reached XP level 4. HP: 21/35 MP: 5/7
  1350 | D:2      | Noticed Robin
  1403 | D:2      | Killed Robin
  1497 | D:2      | Found Quxtoj's Armour Shop.
  1508 | D:2      | Found a glowing silver altar of Zin.
  1938 | D:2      | Found a runed translucent door.
  1939 | D:2      | Noticed Crazy Yiuf
  1952 | D:2      | Killed Crazy Yiuf
  2116 | D:3      | Found a transporter.
  2174 | D:3      | Found a transporter.
  2270 | D:3      | Reached XP level 5. HP: 40/40 MP: 7/9
  2533 | D:3      | Reached skill level 4 in Transmutations
  2581 | D:3      | Found a white marble altar of Elyvilon.
  2591 | D:3      | Reached skill level 3 in Spellcasting
  2723 | D:3      | Learned a level 4 spell: Ice Form
  3113 | D:4      | Reached skill level 1 in Ice Magic
  3206 | D:4      | Reached skill level 4 in Unarmed Combat
  3362 | D:4      | Found a hide-covered altar of Uskayaw.
  3369 | D:4      | Found a burning altar of Makhleb.
  3584 | D:4      | Found a sacrificial altar of Ru.
  3597 | D:4      | Became a worshipper of Ru the Awakened
  3695 | D:5      | Entered Level 5 of the Dungeon
  3736 | D:5      | Reached XP level 6. HP: 46/47 MP: 3/10
  3813 | D:5      | Noticed a water moccasin
  3834 | D:5      | Killed a water moccasin
  3835 | D:5      | Reached skill level 2 in Ice Magic
  3835 | D:5      | HP: 8/47 [black bear (6)]
  3836 | D:5      | HP: 3/47 [black bear (2)]
  3843 | D:5      | Reached skill level 5 in Transmutations
  3843 | D:5      | Your scales start taking on a fiery red colour.
  3843 | D:5      | Reached XP level 7. HP: 17/52 MP: 7/12
  3843 | D:5      | Gained mutation: Your flesh is heat resistant. (rF+) [Red
                  | Draconian growth]
  4527 | D:5      | Found an ornate altar of the Wu Jian Council.
  5135 | D:6      | Noticed Edmund
  5208 | D:6      | Killed Edmund
  5303 | D:6      | You pick up a book of the Hunter and begin reading...
  5303 | D:6      | You add the spells Call Canine Familiar, Portal Projectile
                  | and Leda's Liquefaction to your library.
  5374 | D:6      | Found a basalt altar of Yredelemnul.
  5437 | D:6      | Reached skill level 3 in Ice Magic
  5448 | D:6      | Reached skill level 4 in Spellcasting
  5488 | D:6      | Found a shadowy altar of Dithmenos.
  5636 | D:6      | Noticed Grinder
  5638 | D:6      | Noticed Prince Ribbit
  5649 | D:6      | Killed Grinder
  5650 | D:6      | Reached skill level 5 in Unarmed Combat
  5650 | D:6      | Reached skill level 6 in Transmutations
  5650 | D:6      | Reached XP level 8. HP: 59/59 MP: 10/14
  5652 | D:6      | Killed Prince Ribbit
  5653 | D:6      | Reached skill level 4 in Ice Magic
  5974 | D:6      | You pick up a book of Displacement and begin reading...
  5974 | D:6      | You add the spells Lesser Beckoning, Gell's Gravitas and
                  | Teleport Other to your library.
  6349 | D:7      | Reached skill level 7 in Transmutations
  6537 | D:7      | Found a glowing silver altar of Zin.
  6888 | D:7      | Found a staircase to the Ecumenical Temple.
  6897 | D:7      | Noticed Menkaure
  6901 | D:7      | HP: 10/70 [??? (8)]
  6906 | D:7      | HP: 11/70 [killer bee (2)]
  6913 | D:7      | HP: 9/70 [??? (7)]
  6913 | D:7      | HP: 4/70 [bullfrog (5)]
  6916 | D:7      | Mangled by Menkaure

Vanquished Creatures
  Prince Ribbit (D:6)
  Grinder (D:6)
  Edmund (D:6)
  A water moccasin (D:5)
  A sky beast (D:5)
  A black bear (D:5)
  An ogre (D:6)
  A phantom (D:6)
  A bullfrog (D:7)
  A scorpion (D:5)
  9 killer bees (D:7)
  2 howler monkeys
  5 orc priests
  Crazy Yiuf (D:2)
  A gnoll bouda (D:5)
  A hound (D:4)
  5 orc wizards
  Robin (D:2)
  A gnoll (D:1)
  3 adders
  An ufetubus (D:6)
  2 worms
  2 dart slugs
  17 orcs
  6 bats
  8 endoplasms
  4 giant cockroaches
  16 goblins
  10 hobgoblins
  2 jackals (D:1)
  5 quokkas
  6 ball pythons
  7 kobolds
  5 rats
  A spectral orc (D:6)
131 creatures vanquished.

Vanquished Creatures (others)
  2 fungi (D:2)
2 creatures vanquished.

Grand Total: 133 creatures vanquished

Table legend:
 A = Non-vault XP
 B = Vault XP
 C = Vault XP percentage of total XP
 D = Non-vault monster count
 E = Vault monster count
 F = Vault count percentage of total count
                 A         B        C        D         E       F
            +---------+---------+-------+---------+---------+-------
      Total |    1474 |    1205 |  45.0 |     106 |      25 |  19.1
            +---------+---------+-------+---------+---------+-------
        D:1 |      50 |       0 |   0.0 |      22 |       0 |   0.0
        D:2 |      50 |      82 |  62.1 |      16 |      16 |  50.0
        D:3 |      32 |       0 |   0.0 |      15 |       0 |   0.0
        D:4 |     185 |       0 |   0.0 |      17 |       0 |   0.0
        D:5 |     235 |     317 |  57.4 |       6 |       4 |  40.0
        D:6 |     356 |     806 |  69.4 |      11 |       5 |  31.2
        D:7 |     566 |       0 |   0.0 |      19 |       0 |   0.0
            +---------+---------+-------+---------+---------+-------

Illustrated notes

Table legend:
 A = Kills in this place as a percentage of kills in entire the game.
 B = Kills by you in this place as a percentage of kills by you in the entire game.
 C = Kills by friends in this place as a percentage of kills by friends in the entire game.
 D = Other kills in this place as a percentage of other kills in the entire game.
 E = Experience gained in this place as a percentage of experience gained in the entire game.
 F = Experience gained in this place divided by the number of levels of this place that you have seen.
                   A       B       C       D       E      F
               +-------+-------+-------+-------+-------+----------------------
         Total | 100.0 | 100.0 |   N/A |   N/A | 100.0 | 382.7
       Dungeon | 100.0 | 100.0 |   N/A |   N/A | 100.0 | 382.7
               +-------+-------+-------+-------+-------+----------------------

Table legend: (Time is in decaauts)
 A = Elapsed time spent in this place.
 B = Non-inter-level travel time spent in this place.
 C = Inter-level travel time spent in this place.
 D = Time resting spent in this place.
 E = Time spent auto-exploring this place.
 F = Levels seen in this place.
 G = Mean time per level.
                   A        B        C        D        E       F      G
               +--------+--------+--------+--------+--------+-----+--------+
         Total |   6894 |   6700 |    194 |    240 |   5360 |   7 |  984.9 |
       Dungeon |   6894 |   6700 |    194 |    240 |   5360 |   7 |  984.9 |
               +--------+--------+--------+--------+--------+-----+--------+

Top non-repeatable levels by time:
     D:5: 1481 daAuts
     D:2: 1266 daAuts
     D:6: 1057 daAuts
     D:3: 865 daAuts
     D:4: 789 daAuts
     D:1: 783 daAuts
     D:7: 651 daAuts
